 Dungeon Crawl Stone Soup version 0.29.0 (webtiles) character file.

Game seed: 10767505917585851936

25 GigaChad the Shield-Bearer (level 2, -1/27 HPs)
             Began as a Minotaur Fighter on Aug 25, 2022.
             Was a Follower of Wu Jian.
             Killed from afar by Sigmund (9 damage)
             ... with a puff of flame
             ... on level 2 of the Dungeon.
             The game lasted 00:02:19 (844 turns).

GigaChad the Shield-Bearer (Minotaur Fighter)        Turns: 844, Time: 00:02:20

Health: -1/27      AC:  9    Str: 20    XL:     2   Next: 86%
Magic:  1/1        EV:  4    Int:  5    God:    Wu Jian [*.....]
Gold:   23         SH:  4    Dex:  9    Spells: 1/1 levels left

rFire   . . .      SeeInvis .   a - +0 long sword
rCold   . . .      Faith    .   c - +0 buckler
rNeg    . . .      Spirit   .   e - +0 chain mail
rPois   .          Reflect  .   (helmet restricted)
rElec   .          Harm     .   (no cloak)
rCorr   .          Rampage  .   (no gloves)
Will    .....                   (no boots)
Stlth   ..........              (no amulet)
HPRegen 0.09/turn               (no ring)
MPRegen 0.07/turn               (no ring)

@: constricted
A: horns 2, retaliatory headbutt
a: Renounce Religion


You were on level 2 of the Dungeon.
You worshipped Wu Jian.
Wu Jian was aware of your devotion.
You visited 1 branch of the dungeon, and saw 2 of its levels.

You collected 23 gold pieces.

Inventory:

Hand Weapons
 a - a +0 long sword (weapon)
Armour
 b - a +0 scale mail
 c - a +0 buckler (worn)
 e - a +0 chain mail (worn)
Jewellery
 f - a ring of magical power
Scrolls
 i - a scroll of amnesia {unknown}
 j - a scroll of magic mapping {unknown}
Potions
 d - a potion of might
 g - a potion of flight {unknown}
 h - a potion of invisibility {unknown}


   Skills:
 + Level 4.0 Fighting
 + Level 2.9 Long Blades
 + Level 4.0 Armour
 + Level 4.0 Shields


You had one spell level left.
You didn't know any spells.
Your spell library was empty.

Dungeon Overview and Level Annotations

Branches:
Dungeon (2/15)

Altars:
Wu Jian

Annotations:
D:2 Sigmund


Innate Abilities, Weirdness & Mutations

You have a pair of horns on your head.
You reflexively headbutt those who attack you in melee.


Message History

You spin and attack the hobgoblin.
You barely miss the hobgoblin.
The ball python hisses angrily.
Sigmund hits you from afar with a +0 scythe!
The hobgoblin hits you but does no damage.
The ball python bites you but does no damage.
The ball python grabs you. The ball python constricts you.
You slash the hobgoblin!
You kill the hobgoblin!
The Council accepts your kill.
The ball python bites you but does no damage.
The ball python constricts you.
Sigmund points at you and mumbles some strange words.
You resist with significant effort.
You escape the ball python's grasp.
You lunge at Sigmund.
You hit Sigmund but do no damage. Your headbutt misses Sigmund.
You spin to attack the ball python, but your attack speed is too slow for a blow to land.
The ball python barely misses you. You furiously retaliate!
You headbutt the ball python, but do no damage.
The ball python grabs you. The ball python constricts you.
Sigmund gestures at you while chanting. The puff of flame hits you.
You see here a hobgoblin corpse.
You barely miss Sigmund.
The ball python bites you but does no damage.
The ball python constricts you. Sigmund casts a spell at you.
The magic dart hits you.
You hit Sigmund. Your headbutt misses Sigmund.
Sigmund is moderately wounded.
The ball python bites you but does no damage.
The ball python constricts you. Sigmund barely misses you.
You block the ball python's attack. The ball python constricts you.
You barely miss Sigmund.
Sigmund is moderately wounded.
The ball python bites you.
* * * LOW HITPOINT WARNING * * *
The ball python constricts you. Sigmund gestures at you while chanting.
The puff of flame hits you!
You die...

# #. ... ....
..>.. ......####
.....S@@.#
......##S#
.......#†#####.#
#.#. #........#
# # ##.#####.#
##.#.##
##.#......[
##.##.##.###
#.#........


You could see Sigmund and 2 ball pythons.

Vanquished Creatures
  An adder (D:2)
  A ball python (D:1)
  A bat (D:2)
  2 endoplasms (D:1)
  A giant cockroach (D:1)
  A goblin (D:1)
  3 hobgoblins
  A kobold (D:1)
  2 quokkas (D:1)
13 creatures vanquished.

Notes
Turn   | Place    | Note
-------+----------+-------------------------------------------
     0 | D:1      | GigaChad the Minotaur Fighter began the quest for the Orb.
     0 | D:1      | Reached XP level 1. HP: 19/19 MP: 0/0
    55 | D:1      | Found a faded altar of an unknown god.
    71 | D:1      | Prayed at the altar of an unknown god.
    71 | D:1      | Became a worshipper of the Wu Jian Council
    71 | D:1      | Reached * piety under Wu Jian
   272 | D:1      | Reached XP level 2. HP: 23/27 MP: 1/1
   834 | D:2      | Noticed Sigmund
   844 | D:2      | Killed from afar by Sigmund

Illustrated notes

Levels and vault maps discovered:
D:1:      eino_arrival_water_star, layout_basic, basic_ecumenical_altar
D:2:      layout_loops_ring, serial_rivers, chequers_serial_rivers_micro_c,
          chequers_serial_rivers_large_a, chequers_serial_rivers_micro_e,
          chequers_serial_rivers_small_b, st_stairs_4, minmay_tetromino_s2,
          uniq_sigmund, uniq_crazy_yiuf_cottage, uniq_terence

Skill      XL: |  1  2 |
---------------+-------+-----
Fighting       | 4 |  4.0
Armour         | 4 |  4.0
Shields        | 4 |  4.0
Long Blades    | |  2.9

Action                   || total
-------------------------++-------
Melee: Long sword        ||    31
       Headbutt          ||     2
Invok: Whirlwind         ||     5
       Lunge             ||     2
  Use: Scroll            ||     1
Armor: Chain mail        ||    19
Dodge: Dodged            ||     7
Block: Buckler           ||    10
